[Event "Betsys MČR v online bleskovém šachu 2021"]
[Site "Chess.com"]
[Date "2021.04.17"]
[Round "1"]
[White "Tah_na_g12"]
[Black "Bartusman"]
[Result "0-1"]
[WhiteElo "1179"]
[BlackElo "1983"]
[TimeControl "180+1"]
[EndTime "9:05:38 PDT"]
[Termination "Uživatel Bartusman zvítězil po vzdání soupeře"]

1. e4 c5 2. Nf3 g6 3. Bc4 Nc6 4.
Nc3 Bg7 5. O-O Nf6 6. e5 Ng4 7.
h3 Ngxe5 8. Nxe5 Nxe5 9. Re1 Nxc4 10. d3 Ne5 11. Bg5 O-O 12. Bf4 Nc6 13. Qf3 d6 14. Qe3 Nd4 15. Qxe7 Nxc2 16. Rac1 Nxe1 17. Rxe1 Qxe7 18.
Rxe7 Be6 19. a3 Rfd8 20. Rxb7 Rab8 21. Rxb8 Rxb8 22. Bxd6 Rxb2 23. Bxc5 Bxc3 24. Bxa7 Ra2 25. Bc5 Bb2 26. Bb4 Bxa3 27. Bxa3 Rxa3 0-1

[Event "Betsys MČR v online bleskovém šachu 2021"]
[Site "Chess.com"]
[Date "2021.04.17"]
[Round "1"]
[White "Pekibeast"]
[Black "keram91"]
[Result "1-0"]
[WhiteElo "1861"]
[BlackElo "761"]
[TimeControl "180+1"]
[EndTime "9:05:38 PDT"]
[Termination "Uživatel Pekibeast zvítězil matem"]

1. e4 e5 2. f4 exf4 3. Bc4 Qh4+ 4. Kf1 Bc5 5. d4 f3 6. Nxf3 Qe7 7. dxc5 Qxe4 8.
Qe2 Qxe2+ 9. Bxe2 Nf6 10. Nc3 c6 11. h3 h5 12. Bg5 b6 13. Bxf6 gxf6 14. Ne4 Ba6 15.
Bxa6 Nxa6 16. cxb6 axb6 17. Nxf6+ Kf8 18. Nxd7+ Kg8 19. Re1 Rd8 20. Nxb6 Nc5 21. Re7 Rd1+ 22. Re1 Rxe1+ 23. Kxe1 Ne4 24. Rf1 Rh6 25. Nc4 Ng3 26. Rf2 Re6+ 27. Kd2 Ne4+ 28. Ke3 Nxf2+ 29. Kxf2 Rf6 30.
a4 c5 31. b3 h4 32. Ke3 Re6+ 33. Kd3 Rg6 34. Nxh4 Rd6+ 35. Nxd6 Kg7 36. Kc4 f6 37. Kxc5 Kh6 38. Ndf5+ Kg5 39. a5 Kf4 40. a6 Ke4 41. a7 Ke5 42. a8=Q Kf4 43. Qf3+ Kg5 44. Qg3+ Kh5 45. Qg4# 1-0

[Event "Betsys MČR v online bleskovém šachu 2021"]
[Site "Chess.com"]
[Date "2021.04.17"]
[Round "1"]
[White "Bavorak15"]
[Black "Zavurka1975"]
[Result "0-1"]
[WhiteElo "1588"]
[BlackElo "2210"]
[TimeControl "180+1"]
[EndTime "9:05:41 PDT"]
[Termination "Uživatel Zavurka1975 zvítězil po vzdání soupeře"]

1. e4 b6 2. d4 Bb7 3. Bd3 Nf6 4. Nc3 e6 5. Nf3 Bb4 6. e5 Ne4 7. Bd2 Bxc3 8. bxc3 d5 9. O-O h6 10. Re1 c5 11.
Be3 Nxc3 12. Qc1 c4 13. Bf1 Qe7 14. a4 Nd7 15. Qb2 Ne4 16. a5 O-O 17. Nd2 c3 0-1

[Event "Betsys MČR v online bleskovém šachu 2021"]
[Site "Chess.com"]
[Date "2021.04.17"]
[Round "1"]
[White "DiscoSTU666"]
[Black "Skalicky"]
[Result "1-0"]
[WhiteElo "1873"]
[BlackElo "798"]
[TimeControl "180+1"]
[EndTime "9:05:42 PDT"]
[Termination "Uživatel DiscoSTU666 zvítězil na čas"]

1. e4 c5 2. Nf3 e6 3. d4 cxd4 4. Nxd4 Nc6 5. Nc3 Qc7 6. Be3 Nf6 7. Qf3 Bb4 8. Nb5 Qb8 9. O-O-O O-O 10. h4 Bxc3 11. Nxc3 a6 12. h5 Rd8 13. h6 Ne8 14. hxg7 Nxg7 15. Qh3 Kf8 16. Qxh7 Ke7 17. Qxg7 Qc7 18.
Bg5+ 1-0

[Event "Betsys MČR v online bleskovém šachu 2021"]
[Site "Chess.com"]
[Date "2021.04.17"]
[Round "1"]
[White "FBingoPlayer"]
[Black "Adam20032007"]
[Result "1-0"]
[WhiteElo "2216"]
[BlackElo "1582"]
[TimeControl "180+1"]
[EndTime "9:05:44 PDT"]
[Termination "Uživatel FBingoPlayer zvítězil matem"]

1. Nc3 Nf6 2. e4 e5 3. f4 d6 4.
Nf3 Nc6 5. Bb5 Bd7 6. O-O exf4 7. d4 Be7 8. Bxf4 O-O 9. Qd2 a6 10. Bd3 h6 11. a3 Bg4 12. Rae1 d5 13. e5 Nh5 14. Be3 f6 15. Bxh6 gxh6 16. Qxh6 Rf7 17. h3 Ng3 18. hxg4 Nxf1 19. Rxf1 Rg7 20. Kf2 fxe5 21.
dxe5 Bg5 22. Qe6+ Kh8 23. Rh1+ Rh7 24. Rxh7# 1-0

[Event "Betsys MČR v online bleskovém šachu 2021"]
[Site "Chess.com"]
[Date "2021.04.17"]
[Round "1"]
[White "Petr_Zacek"]
[Black "TheRigos"]
[Result "0-1"]
[WhiteElo "1793"]
[BlackElo "2534"]
[TimeControl "180+1"]
[EndTime "9:05:45 PDT"]
[Termination "Uživatel TheRigos zvítězil po vzdání soupeře"]

1. d4 Nf6 2. Bg5 Ne4 3. Bf4 c5 4. c3 e6 5. Nd2 Nf6 6. Ngf3 Nc6 7. e3 d5 8. Bd3 Bd6 9. Bxd6 Qxd6 10. O-O O-O 11. dxc5 Qxc5 12. e4 e5 13. Qe2 Re8 14. Rac1 Bg4 15. h3 Bh5 16. exd5 Nxd5 17. Nb3 Qb6 18. Be4 Nf6 19. Bf5 e4 20. Qc2 exf3 21. g4 Bg6 22. Bxg6 hxg6 23. Rcd1 Re2 24. Qc1 Rae8 25.
Qf4 Ne5 0-1

[Event "Betsys MČR v online bleskovém šachu 2021"]
[Site "Chess.com"]
[Date "2021.04.17"]
[Round "1"]
[White "Toman_26"]
[Black "Jindrich4321"]
[Result "0-1"]
[WhiteElo "1070"]
[BlackElo "1934"]
[TimeControl "180+1"]
[EndTime "9:05:48 PDT"]
[Termination "Uživatel Jindrich4321 zvítězil po vzdání soupeře"]

1. e4 e6 2. d4 d5 3. e5 c5 4. Nf3 Nc6 5. c3 cxd4 6. cxd4 Nge7 7. Bd3 Nf5 8. Bc2 Qb6 9. Bxf5 exf5 10. O-O Be6 11.
Qb3 Qxb3 12. axb3 Be7 13. Nc3 O-O 14. Bf4 Rfc8 15. Rfc1 Nb4 16. Nb5 Rxc1+ 17. Rxc1 Nd3 18. Be3 Nxc1 19. Bxc1 a6 20. Nd6 h6 21. h3 g5 22.
Nxb7 Rb8 23. Na5 Rb5 24. Nc6 Bf8 25. Bd2 Rxb3 26. Bc3 Bd7 27. Nb4 Bxb4 28. Bxb4 Rxb4 29. h4 g4 30. Ne1 Rxb2 31. Nd3 Rb1+ 32. Kh2 a5 33. Nc5 Be8 34. e6 fxe6 35. Nxe6 a4 0-1

[Event "Betsys MČR v online bleskovém šachu 2021"]
[Site "Chess.com"]
[Date "2021.04.17"]
[Round "1"]
[White "mayerrs"]
[Black "kubajss"]
[Result "1-0"]
[WhiteElo "1883"]
[BlackElo "878"]
[TimeControl "180+1"]
[EndTime "9:05:48 PDT"]
[Termination "Uživatel mayerrs zvítězil po vzdání soupeře"]

1. g3 e5 2. Bg2 Nf6 3. e3 Bc5 4.
b3 Nc6 5. Bb2 d6 6. a3 O-O 7.
Ne2 Re8 8. O-O d5 9. d4 Bd6 10. c4 exd4 11. Nxd4 Be6 12. Nc3 dxc4 13. Nxc6 bxc6 14. Bxc6 Re7 15. Bxa8 Qxa8 16. e4 Bh3 17. Re1 Nxe4 18. Qf3 Qe8 19. Rxe4 cxb3 20. Rxe7 Qxe7 21. Qa8+ Qf8 22. Qxf8+ Kxf8 23. Nb5 Bc5 24. Nxc7 1-0

[Event "Betsys MČR v online bleskovém šachu 2021"]
[Site "Chess.com"]
[Date "2021.04.17"]
[Round "1"]
[White "Asmodai5"]
[Black "sachovybukowski"]
[Result "0-1"]
[WhiteElo "1193"]
[BlackElo "1998"]
[TimeControl "180+1"]
[EndTime "9:05:50 PDT"]
[Termination "Uživatel sachovybukowski zvítězil na čas"]

1. e4 c5 2. Nf3 d6 3. d4 cxd4 4.
Nxd4 Nf6 5. Nc3 a6 6. Bd3 e6 7. O-O Be7 8. Bg5 O-O 9. Bxf6 Bxf6 10. Nf3 Qb6 11. Na4 Qc7 12. Rb1 b5 13. Nc3 Bxc3 14.
bxc3 Qxc3 15. Rb3 Qc7 16. Be2 Nd7 17. Rd3 Nc5 18. Rxd6 Nxe4 19. Rd4 Nf6 20. Bd3 Qc5 21. Be4 Nxe4 22. Rxe4 Bb7 23. Rh4 Bxf3 24. gxf3 h5 25. Qd3 Qg5+ 26. Kh1 Qxh4 27. Qd6 Rfd8 0-1

[Event "Betsys MČR v online bleskovém šachu 2021"]
[Site "Chess.com"]
[Date "2021.04.17"]
[Round "1"]
[White "hvanacek"]
[Black "jachymcarostrelec4"]
[Result "0-1"]
[WhiteElo "958"]
[BlackElo "1897"]
[TimeControl "180+1"]
[EndTime "9:05:50 PDT"]
[Termination "Uživatel jachymcarostrelec4 zvítězil matem"]

1. e4 c6 2. f4 d5 3. Nc3 d4 4. Nce2 Bg4 5. Nf3 Bxf3 6. gxf3 e6 7. d3 c5 8. f5 exf5 9. exf5 Bd6 10. Bf4 Bxf4 11.
Nxf4 Qh4+ 12. Kd2 Qxf4+ 13. Ke1 Nf6 14. Qd2 Qxd2+ 15. Kxd2 Nbd7 16. b3 Nb6 17. Kc1 Nbd5 18. Kb2 Ne3 19. Re1 Nd5 20. Rg1 O-O 21. f4 f6 22. Bg2 Nxg2 23. Rxg2 Ne3 24. Rge2 Kf7 25. Ka3 Rfe8 26. Kb2 Re7 27. Kc1 Rae8 28. a3 Nxf5 29. Rxe7+ Rxe7 30. Rxe7+ Nxe7 31. Kd2 Nd5 32. Ke2 Ne3 33.
Kf3 Nxc2 34. Ke4 Na1 35. Kd5 Nxb3 36. Kc4 Nc1 37. Kxc5 Nxd3+ 38. Kxd4 Nxf4 39. Kc5 Ne6+ 40. Kd6 b5 41. Kc6 Nd4+ 42. Kc5 Nc2 43. Kxb5 Nxa3+ 44. Ka6 f5 45. Kxa7 f4 46. Kb6 f3 47. Kc5 f2 48. Kd4 f1=Q 49. Ke3 Nc2+ 50. Ke4 Ke6 51. h4 Qf5# 0-1

[Event "Betsys MČR v online bleskovém šachu 2021"]
[Site "Chess.com"]
[Date "2021.04.17"]
[Round "1"]
[White "catanist19"]
[Black "Saygram"]
[Result "0-1"]
[WhiteElo "1752"]
[BlackElo "2397"]
[TimeControl "180+1"]
[EndTime "9:05:51 PDT"]
[Termination "Uživatel Saygram zvítězil po vzdání soupeře"]

1. d4 d5 2. c4 dxc4 3. e3 Nf6 4. Bxc4 e6 5. Nf3 c5 6. O-O Nc6 7. Nc3 cxd4 8. exd4 Be7 9. Re1 O-O 10. Bf4 Nb4 11.
Ne5 Nbd5 12. Nxd5 Nxd5 13. Bg3 Bf6 14. Rc1 a6 15. a3 b5 16. Bd3 Bb7 17. Qc2 g6 18.
Be4 Rc8 19. Qd2 Bg7 20. h4 f5 21. Bf3 f4 22. Bxd5 Qxd5 23. f3 fxg3 0-1

[Event "Betsys MČR v online bleskovém šachu 2021"]
[Site "Chess.com"]
[Date "2021.04.17"]
[Round "1"]
[White "Bohous13"]
[Black "indebol"]
[Result "1-0"]
[WhiteElo "2197"]
[BlackElo "1549"]
[TimeControl "180+1"]
[EndTime "9:05:51 PDT"]
[Termination "Uživatel Bohous13 zvítězil po vzdání soupeře"]

1. e4 e6 2. d4 d5 3. exd5 exd5 4. Bd3 Nf6 5. Nf3 Be7 6. O-O O-O 7. Bf4 Bg4 8. Nbd2 Nbd7 9. c3 c6 10. Qc2 h6 11. Rfe1 Re8 12. Ne5 Nxe5 13. dxe5 Nd7 14. h3 Be6 15. Bg3 Qc7 16. f4 c5 17. f5 c4 18. Bf1 Bc5+ 19. Kh2 d4 20. cxd4 Nxe5 21. fxe6 Bxd4 22. Qe4 Bxb2 23. Bxe5 Rxe6 24. Bxc7 Rxe4 25. Nxe4 Bxa1 26. Rxa1 b5 27. a4 b4 28. Bxc4 Rc8 29. Rc1 Rxc7 30. Nd6 Kh8 31. Nxf7+ Kh7 32.
Bd3+ g6 33. Rxc7 1-0

[Event "Betsys MČR v online bleskovém šachu 2021"]
[Site "Chess.com"]
[Date "2021.04.17"]
[Round "1"]
[White "RunningPawnz88"]
[Black "Zelezny1984"]
[Result "0-1"]
[WhiteElo "1342"]
[BlackElo "2062"]
[TimeControl "180+1"]
[EndTime "9:05:55 PDT"]
[Termination "Uživatel Zelezny1984 zvítězil po vzdání soupeře"]

1. d4 e6 2. c4 d5 3. Nc3 c5 4. e3 Nf6 5. Nf3 Nc6 6. b3 cxd4 7.
exd4 Bb4 8. Bd2 dxc4 9. Bxc4 Nxd4 10. O-O O-O 11. a3 Be7 12. Be3 Nxf3+ 13. Qxf3 Qc7 14. Bf4 e5 15. Nb5 Qc5 16. Be3 Qc6 17. Qxc6 bxc6 18. Nxa7 Bb7 19. Rad1 Bxa3 20. Bg5 Rxa7 21. Bxf6 gxf6 22. Rd6 Bxd6 0-1

[Event "Betsys MČR v online bleskovém šachu 2021"]
[Site "Chess.com"]
[Date "2021.04.17"]
[Round "1"]
[White "pudltomik"]
[Black "Filipdol"]
[Result "0-1"]
[WhiteElo "764"]
[BlackElo "1864"]
[TimeControl "180+1"]
[EndTime "9:05:56 PDT"]
[Termination "Uživatel Filipdol zvítězil matem"]

1. e4 c5 2. c4 Nc6 3. f3 a6 4. b3 d6 5. f4 Nf6 6. Qe2 Nd4 7. Qd3 e5 8. Nc3 Be7 9. Nf3 Nxf3+ 10. gxf3 exf4 11.
Ba3 Nd7 12. O-O-O Ne5 13. Qc2 Nxf3 14. Bg2 Nd4 15. Qb1 Be6 16. h3 O-O 17. Rdf1 b5 18. Rxf4 b4 19. Bxb4 cxb4 20. Nd1 Ne2+ 21. Kb2 Nxf4 22. e5 dxe5 23. Bxa8 Qxa8 24. Rg1 Bf6 25. Kc1 Ne2+ 26. Kc2 Nxg1 27. Ne3 Qe4+ 28. d3 Qxe3 29. a3 Qe2+ 30. Kc1 Bg5# 0-1

[Event "Betsys MČR v online bleskovém šachu 2021"]
[Site "Chess.com"]
[Date "2021.04.17"]
[Round "1"]
[White "JustFilip05"]
[Black "Vojta0007"]
[Result "1-0"]
[WhiteElo "2142"]
[BlackElo "1499"]
[TimeControl "180+1"]
[EndTime "9:05:57 PDT"]
[Termination "Uživatel JustFilip05 zvítězil matem"]

1. d4 d5 2. Bf4 c6 3. e3 Nf6 4.
Nf3 e6 5. Bd3 Be7 6. c3 Nbd7 7.
Nbd2 O-O 8. Ne5 c5 9. Ndf3 cxd4 10. exd4 Re8 11. O-O Qb6 12. Qc2 h6 13. Rae1 Nh5 14. Bc1 Nhf6 15. Re2 Qc7 16. Rfe1 b6 17. Nxf7 Kxf7 18.
Bg6+ Kf8 19. Bxe8 Nxe8 20. Rxe6 Ndf6 21. Rxe7 Qc6 22. Qg6 Nd6 23. Qxg7# 1-0

[Event "Betsys MČR v online bleskovém šachu 2021"]
[Site "Chess.com"]
[Date "2021.04.17"]
[Round "1"]
[White "chessbeer17"]
[Black "pavelchrz"]
[Result "1-0"]
[WhiteElo "2341"]
[BlackElo "1707"]
[TimeControl "180+1"]
[EndTime "9:05:59 PDT"]
[Termination "Uživatel chessbeer17 zvítězil po vzdání soupeře"]

1. d4 d5 2. c4 e6 3. a3 Nf6 4. Nc3 Be7 5. c5 a5 6. Bf4 Nh5 7. e3 Nxf4 8. exf4 O-O 9. Nf3 Bf6 10.
Bd3 b6 11. b4 axb4 12. axb4 bxc5 13. Rxa8 cxd4 14. Rxb8 dxc3 15. O-O Qd6 16. Qc2 c5 17. Rxc8 Rxc8 18. bxc5 Qxc5 19. Bxh7+ Kh8 20. Bd3 Rb8 21. Rb1 Ra8 22. g3 Qc6 23. Kg2 Ra4 24. Rb8+ 1-0

[Event "Betsys MČR v online bleskovém šachu 2021"]
[Site "Chess.com"]
[Date "2021.04.17"]
[Round "1"]
[White "TerezaRodshtein"]
[Black "kominekmart"]
[Result "1-0"]
[WhiteElo "2201"]
[BlackElo "1578"]
[TimeControl "180+1"]
[EndTime "9:05:59 PDT"]
[Termination "Uživatel TerezaRodshtein zvítězil matem"]

1. e4 d6 2. d4 g6 3. Nc3 Bg7 4. Be3 Nf6 5. h3 O-O 6. Qd2 e5 7. O-O-O exd4 8. Bxd4 Nbd7 9. g4 a6 10. g5 Nh5 11. Bxg7 Kxg7 12. Be2 Ne5 13. f4 Nc6 14. Bxh5 gxh5 15. Nge2 b5 16. Ng3 b4 17. Nd5 a5 18.
Nxh5+ Kg6 19. Ndf6 a4 20. f5+ Bxf5 21. exf5+ Kxf5 22. Rdf1+ Ke6 23. Qd5+ Ke7 24. Qxc6 b3 25. Re1# 1-0

[Event "Betsys MČR v online bleskovém šachu 2021"]
[Site "Chess.com"]
[Date "2021.04.17"]
[Round "1"]
[White "Sorcercream"]
[Black "David_Mic"]
[Result "0-1"]
[WhiteElo "1193"]
[BlackElo "1994"]
[TimeControl "180+1"]
[EndTime "9:05:59 PDT"]
[Termination "Uživatel David_Mic zvítězil po vzdání soupeře"]

1. e4 c5 2. Nf3 Nc6 3. c3 Nf6 4. d4 cxd4 5. cxd4 Nxe4 6. Bd3 Nf6 7. O-O g6 8. Re1 Bg7 9. Nc3 d5 10. Bg5 O-O 11. Bc2 Bg4 12. h3 Bxf3 13. gxf3 Qd7 14. Kh2 Rac8 15. Qd2 e6 16. Qf4 Nh5 17. Qg4 Nxd4 18.
Ba4 b5 19. Bb3 h6 20. Be3 Nxb3 21. axb3 d4 0-1

[Event "Betsys MČR v online bleskovém šachu 2021"]
[Site "Chess.com"]
[Date "2021.04.17"]
[Round "1"]
[White "VeceraP1973"]
[Black "Berzeger"]
[Result "1-0"]
[WhiteElo "1914"]
[BlackElo "1023"]
[TimeControl "180+1"]
[EndTime "9:05:59 PDT"]
[Termination "Uživatel VeceraP1973 zvítězil po vzdání soupeře"]

1. e4 e5 2. d3 Nc6 3. Nf3 Nf6 4. Nc3 d5 5. exd5 Nxd5 6. Bd2 Nxc3 7. Bxc3 Bg4 8. Be2 Bxf3 9. Bxf3 Bc5 10. O-O Bd4 11. Qe2 Bxc3 12. bxc3 Qf6 13. Rfe1 O-O 14. Bxc6 bxc6 15.
Qxe5 Qxe5 16. Rxe5 Rfe8 17. Rxe8+ Rxe8 18. Kf1 f6 19.
Rb1 a5 20. Rb7 Re7 21. Ra7 Kf7 22. Rxa5 Ke6 23. Rc5 Kd6 24. d4 g5 25. a4 Re8 26.
a5 Ra8 27. f3 h6 28. g4 Rb8 29. Ke2 Rb2 30. Kd3 Rb8 31. a6 Ra8 32. Ra5 Kd7 33. Ke4 Kc8 34. Kf5 Kb8 35. Kxf6 Ka7 36. Kg7 Kb6 37.
Ra3 Rxa6 38. Rxa6+ Kxa6 39. Kxh6 Kb5 40. Kxg5 Kc4 41.
h4 Kxc3 42. h5 Kxd4 43. h6 c5 44. h7 c4 45. h8=Q+ Ke3 46. Qc3+ 1-0

[Event "Betsys MČR v online bleskovém šachu 2021"]
[Site "Chess.com"]
[Date "2021.04.17"]
[Round "1"]
[White "MilosJi"]
[Black "DONSANMIGUEL"]
[Result "1-0"]
[WhiteElo "2609"]
[BlackElo "1800"]
[TimeControl "180+1"]
[EndTime "9:06:02 PDT"]
[Termination "Uživatel MilosJi zvítězil na čas"]

1. Nf3 a6 2. d4 b5 3. g3 Bb7 4. Bg2 e6 5. O-O Ne7 6. Nbd2 Ng6 7. e4 Be7 8. Qe2 c5 9. c3 cxd4 10. cxd4 Nc6 11. a3 h5 12. h4 Bxh4 13. gxh4 Nxh4 14. d5 Nd4 15. Nxd4 Qg5 16. f4 Qf6 17. N2f3 Ng6 18. e5 Qe7 19. d6 Qd8 20. Ng5 Bxg2 21. Qxg2 h4 22. f5 Nxe5 23. fxe6 dxe6 24. Ndxe6 Qb6+ 25. Qf2 Qxd6 26. Nxg7+ Kf8 27. Nxf7 Qg6+ 28. Kh1 Nxf7 29. Nf5 Kg8 30. Rg1 Ng5 31. Rxg5 1-0

[Event "Betsys MČR v online bleskovém šachu 2021"]
[Site "Chess.com"]
[Date "2021.04.17"]
[Round "1"]
[White "adasmrazek"]
[Black "Jakuboss22005"]
[Result "0-1"]
[WhiteElo "1327"]
[BlackElo "2059"]
[TimeControl "180+1"]
[EndTime "9:06:02 PDT"]
[Termination "Uživatel Jakuboss22005 zvítězil po vzdání soupeře"]

1. d4 Nf6 2. c4 e5 3. Nf3 exd4 4. Nxd4 Bc5 5. Nc3 O-O 6. e4 Re8 7. Bd3 Bxd4 8. Bg5 c6 9. O-O d6 10. Rc1 h6 11. Bh4 Be6 12. Qb3 Qb6 13. Qxb6 axb6 14. Bb1 Bxc4 15. Rfd1 Bxc3 16. Rxc3 Bxa2 17. Bxa2 Rxa2 18.
Rxd6 Ra1+ 0-1

[Event "Betsys MČR v online bleskovém šachu 2021"]
[Site "Chess.com"]
[Date "2021.04.17"]
[Round "1"]
[White "pohoda1966"]
[Black "KdybyNecoTakNic"]
[Result "0-1"]
[WhiteElo "1718"]
[BlackElo "2349"]
[TimeControl "180+1"]
[EndTime "9:06:04 PDT"]
[Termination "Uživatel KdybyNecoTakNic zvítězil po vzdání soupeře"]

1. e4 e6 2. d4 d5 3. e5 c5 4. c3 Nc6 5. Nf3 Bd7 6. Be2 Nge7 7. Na3 cxd4 8. cxd4 Nf5 9. Nc2 Be7 10. O-O O-O 11. g3 Rc8 12. Ne3 Nh6 13. a3 Qb6 14. b4 a6 15. Bd2 Nxd4 16. Nxd4 Qxd4 17. Nc2 Qxe5 18. Bxh6 gxh6 19. Qd2 Qc3 20. Qxc3 Rxc3 21. Nd4 Bf6 22. Rfd1 Ba4 23. Rd2 Rfc8 24. Raa2 Kf8 25.
Kg2 Ke7 26. h4 Kd6 27. Nf3 Bb3 28. Rab2 Bc4 29. Bxc4 R8xc4 30. Rb1 Rxa3 31. b5 a5 32. Ne1 Rac3 33. Nd3 a4 34. Nb4 a3 35. Na2 Rc2 36. Rxc2 Rxc2 37. Nb4 Rb2 0-1

[Event "Betsys MČR v online bleskovém šachu 2021"]
[Site "Chess.com"]
[Date "2021.04.17"]
[Round "1"]
[White "Tretrik"]
[Black "zaciname"]
[Result "1-0"]
[WhiteElo "1856"]
[BlackElo "709"]
[TimeControl "180+1"]
[EndTime "9:06:07 PDT"]
[Termination "Uživatel Tretrik zvítězil matem"]

1. e4 e5 2. Nf3 Nf6 3. Nxe5 Qe7 4. d4 d6 5. Nf3 Nxe4 6. Be2 Bg4 7. O-O Nf6 8. Re1 Be6 9. c4 Nc6 10. d5 Ne5 11. dxe6 Qxe6 12. c5 Be7 13. cxd6 Bxd6 14. Nxe5 O-O 15. Nf3 Qd7 16. Nc3 c6 17. Bg5 Rad8 18.
Bxf6 gxf6 19. Qc1 Qf5 20. Qh6 Qg6 21. Qh3 Rfe8 22. Nh4 Qg5 23. Bd3 Kf8 24. Nf5 Bf4 25. Qxh7 Qg8 26. Qh4 Bg5 27. Qb4+ Re7 28. Qxe7# 1-0

[Event "Betsys MČR v online bleskovém šachu 2021"]
[Site "Chess.com"]
[Date "2021.04.17"]
[Round "1"]
[White "machajda"]
[Black "JosefBara"]
[Result "1-0"]
[WhiteElo "2021"]
[BlackElo "1289"]
[TimeControl "180+1"]
[EndTime "9:06:08 PDT"]
[Termination "Uživatel machajda zvítězil po vzdání soupeře"]

1. e4 e6 2. d4 d5 3. Nc3 Nf6 4. Bg5 Be7 5. e5 Nfd7 6. Bxe7 Qxe7 7. f4 O-O 8. Nf3 c5 9. Qd2 cxd4 10. Nxd4 Nc6 11.
Be2 Nxd4 12. Qxd4 Qc5 13. Qxc5 Nxc5 14. O-O-O a6 15. Bf3 b5 16. Ne2 Bb7 17. Nd4 Rac8 18. Kb1 b4 19. Rhe1 a5 20. f5 exf5 21. Nxf5 Ne4 22.
Bxe4 dxe4 23. Ne7+ Kh8 24. Nxc8 Rxc8 25. Rd7 Bc6 26.
Rxf7 Kg8 27. Ra7 e3 28. Rxe3 Bxg2 29. Rg3 Rd8 30. Rgxg7+ Kf8 31. Raf7+ Ke8 32. Rg8+ Kxf7 33. Rxd8 Be4 34. Rd4 Bg6 35. Rd5 Ke6 36. Rxa5 h5 37. a3 bxa3 38. bxa3 Be4 39. Rb5 h4 40. a4 Bc6 41.
Rb6 Kd5 42. a5 Ba4 43. e6 Kc5 44. e7 Kc4 45. Rb8 Kc3 46. e8=Q Bxe8 47. Rxe8 Kb4 48.
a6 1-0

[Event "Betsys MČR v online bleskovém šachu 2021"]
[Site "Chess.com"]
[Date "2021.04.17"]
[Round "1"]
[White "Cimrman"]
[Black "Jacques_se_mas"]
[Result "1-0"]
[WhiteElo "2357"]
[BlackElo "1722"]
[TimeControl "180+1"]
[EndTime "9:06:10 PDT"]
[Termination "Uživatel Cimrman zvítězil po vzdání soupeře"]

1. d4 b6 2. Nf3 e6 3. c4 Bb7 4. Nc3 f5 5. e3 Nf6 6. Be2 Bb4 7. Bd2 O-O 8. O-O d6 9. a3 Bxc3 10. Bxc3 Ne4 11. Qc2 Nxc3 12. Qxc3 Nd7 13. Nd2 Nf6 14. Bf3 Bxf3 15. Nxf3 Ne4 16. Qc2 Qe8 17. Nd2 Nxd2 18. Qxd2 Qg6 19. f4 Rf6 20. b4 c5 21. bxc5 dxc5 22.
dxc5 bxc5 23. Qd6 Rc8 24. Rab1 Qe8 25. Rb7 Rf7 26. Rfb1 Rxb7 27. Rxb7 Qd8 28. Qxe6+ Kh8 29. Qd7 Qxd7 30. Rxd7 g6 31. Rxa7 Rb8 32. Kf2 Kg8 33.
Kf3 Rb1 34. Rc7 Rb3 35. Rxc5 Rxa3 36. Rc8+ Kg7 37. Rc7+ Kh6 38. h3 Ra2 39. g4 fxg4+ 40. hxg4 Rc2 41. g5+ 1-0

[Event "Betsys MČR v online bleskovém šachu 2021"]
[Site "Chess.com"]
[Date "2021.04.17"]
[Round "1"]
[White "krajic001"]
[Black "MartinHollan"]
[Result "0-1"]
[WhiteElo "1792"]
[BlackElo "2578"]
[TimeControl "180+1"]
[EndTime "9:06:11 PDT"]
[Termination "Uživatel MartinHollan zvítězil po vzdání soupeře"]

1. e4 c5 2. Nf3 Nc6 3. c3 Nf6 4. d3 g6 5. Be2 Bg7 6. O-O O-O 7.
Bg5 d6 8. Nbd2 b6 9. d4 Bb7 10. d5 Nb8 11. Rc1 Nbd7 12. c4 h6 13. Bh4 Nh5 14.
b3 Nf4 15. Bg3 e5 16. Bxf4 exf4 17. Re1 Bc8 18. Nf1 g5 19. g3 g4 20. Nh4 f3 21.
Bd3 Ne5 22. Nf5 Re8 23. Nxg7 Kxg7 24. Qd2 Rh8 25. Ne3 Qg5 26. Nf5+ Bxf5 27. exf5 Qxd2 0-1

[Event "Betsys MČR v online bleskovém šachu 2021"]
[Site "Chess.com"]
[Date "2021.04.17"]
[Round "1"]
[White "AJedlicka"]
[Black "marosino"]
[Result "1-0"]
[WhiteElo "2210"]
[BlackElo "1590"]
[TimeControl "180+1"]
[EndTime "9:06:11 PDT"]
[Termination "Uživatel AJedlicka zvítězil po vzdání soupeře"]

1. d4 g6 2. c4 Bg7 3. e4 d6 4. Nc3 Nf6 5. Nf3 O-O 6. Be2 b6 7. O-O Bb7 8. d5 e6 9. Bg5 exd5 10. cxd5 Qd7 11. Nd2 Re8 12. Bb5 c6 13. dxc6 Bxc6 14.
Bxc6 Nxc6 15. Re1 Ne5 16. Nf3 Nxf3+ 17. Qxf3 Qe6 18. Rad1 Nd7 19. Nd5 Rac8 20. b3 h6 21. Bd2 Ne5 22. Qg3 h5 23. Bb4 Red8 24. h3 Nc6 25. Ba3 Be5 26. f4 Bg7 27. f5 Qe5 28. Qg5 Nd4 29. Bc1 Nb5 30. Bf4 Qb2 31. Ne7+ Kh7 32. fxg6+ fxg6 33. Qxg6+ Kh8 34. Qxh5+ 1-0

[Event "Betsys MČR v online bleskovém šachu 2021"]
[Site "Chess.com"]
[Date "2021.04.17"]
[Round "1"]
[White "Mitram64"]
[Black "dzerenyss"]
[Result "1-0"]
[WhiteElo "1990"]
[BlackElo "1192"]
[TimeControl "180+1"]
[EndTime "9:06:14 PDT"]
[Termination "Uživatel Mitram64 zvítězil na čas"]

1. d4 d5 2. Nf3 e6 3. Bf4 Bd6 4.
Bg3 Nf6 5. e3 Ne4 6. Nbd2 Nxg3 7.
hxg3 Nc6 8. c3 Bd7 9. Bd3 h6 10. Qe2 Qf6 11. O-O O-O-O 12. b4 g5 13. a4 a6 14. b5 axb5 15. axb5 Nb8 16. Ra8 Rdg8 17.
Rfa1 c6 18. b6 g4 19. Nh4 Bxg3 20. fxg3 h5 21. e4 dxe4 22. Nxe4 Qg7 23. Nd6+ 1-0

[Event "Betsys MČR v online bleskovém šachu 2021"]
[Site "Chess.com"]
[Date "2021.04.17"]
[Round "1"]
[White "Honzik1950"]
[Black "Rubinus"]
[Result "0-1"]
[WhiteElo "1490"]
[BlackElo "2138"]
[TimeControl "180+1"]
[EndTime "9:06:17 PDT"]
[Termination "Uživatel Rubinus zvítězil po vzdání soupeře"]

1. e4 c5 2. Nf3 d6 3. d4 cxd4 4.
Nxd4 Nf6 5. Nc3 a6 6. f3 e5 7. Nb3 Be6 8. Be3 Qc7 9. Qd2 Nbd7 10. O-O-O Be7 11. Nd5 Nxd5 12. exd5 Bf5 13. Bd3 Bxd3 14. Qxd3 O-O 15. Kb1 f5 16. g4 f4 17. Bd2 Rac8 18. Bc3 Bh4 19. Ba5 Qc4 20. Qxc4 Rxc4 21. Nd2 Rcc8 22. Ne4 Be7 23. h4 Nf6 24. Nxf6+ Rxf6 25. g5 Rf7 26. Rd2 g6 27. Bc3 Rc4 28. Rd3 Rf5 29. b3 Rc8 30. Bb4 b5 31. Rd2 Rf7 32. Rg2 Rf5 33. a4 bxa4 34. bxa4 Rb8 35. c3 a5 0-1

[Event "Betsys MČR v online bleskovém šachu 2021"]
[Site "Chess.com"]
[Date "2021.04.17"]
[Round "1"]
[White "JakubPulpan"]
[Black "Milan_Jancek"]
[Result "1-0"]
[WhiteElo "2716"]
[BlackElo "1818"]
[TimeControl "180+1"]
[EndTime "9:06:18 PDT"]
[Termination "Uživatel JakubPulpan zvítězil po vzdání soupeře"]

1. d4 d5 2. c4 Nf6 3. cxd5 Nxd5 4. e4 Nf6 5. Nc3 e6 6. Nf3 Be7 7. Bd3 O-O 8. O-O b6 9. Qe2 Bb7 10. Rd1 Nbd7 11. h3 h6 12. Bf4 Rc8 13. Bc2 a6 14. a4 Qe8 15. Bh2 c5 16. d5 exd5 17. exd5 Bd8 18.
Qd2 Bc7 19. d6 Bb8 20. Re1 Qd8 21. Ne5 Re8 22. Rad1 Nxe5 23. Bxe5 Nd7 24. Qd3 g6 25. Bg3 Qf6 26. Nd5 Bxd5 27. Qxd5 h5 28. Re7 a5 29.
Rxd7 1-0